 Dungeon Crawl Stone Soup version 0.28-a0-8-g6e044cfa68 (webtiles) character file.

Game seed: 13766389627011742224

11143 Spaninq the Thaumaturge (level 12, -11/70 HPs)
             Began as a Djinni Fire Elementalist on July 24, 2021.
             Was the Champion of the Shining One.
             Mangled by a jumping spider (shapeshifter) (12 damage)
             ... on level 13 of the Dungeon.
             The game lasted 00:35:35 (14417 turns).

Spaninq the Thaumaturge (Djinni Fire Elementalist) Turns: 14417, Time: 00:35:36

Health: -11/70     AC:  7    Str: 14    XL:     12   Next: 4%
Gold:   653        EV: 10    Int: 21    God:    the Shining One [******] SH:  0 Dex: 14

rFire   + + +      SeeInvis .   n - +4 scimitar (flame)
rCold   x . .      Faith    .   a - +0 buckler
rNeg    + + +      Spirit   .   u - +1 robe {rF+}
rPois   ∞          Reflect  +   e - +0 helmet
rElec   .          Harm     .   y - +2 cloak
rCorr   .          Rampage  .   (no gloves)
Will    +....                   (boots unavailable)
Stlth   +.........              C - amulet of reflection
HPRegen 0.21/turn               h - +6 ring of strength
MPRegen 0.00/turn               q - +4 ring of evasion

@: flying, held, glowing
A: sickness immunity, fire resistance 2, cold vulnerability 1, float, innate
caster, hp casting, extra vitality 1
a: Renounce Religion, Divine Shield, Cleansing Flame, Summon Divine Warrior,
Brand Weapon With Holy Wrath


You were on level 13 of the Dungeon.
You worshipped the Shining One.
The Shining One was exalted by your worship.
You visited 1 branch of the dungeon, and saw 14 of its levels.

You collected 653 gold pieces.

Inventory:

Hand Weapons
 n - a +4 scimitar of flaming (weapon)
Missiles
 c - 325 stones
 j - a curare-tipped dart
Armour
 a - a +0 buckler (worn)
 e - a +0 helmet (worn)
 r - a +0 kite shield
 u - a +1 robe of fire resistance (worn)
 y - a +2 cloak (worn)
Jewellery
 h - a +6 ring of strength (left hand)
 m - a +6 ring of intelligence
 q - a +4 ring of evasion (right hand)
 C - an amulet of reflection (around neck)
Wands
 i - a wand of iceblast (6)
 t - a wand of charming (8)
 E - a wand of acid (13)
Scrolls
 f - 4 scrolls of enchant weapon
 g - 3 scrolls of teleportation
 k - 3 scrolls of enchant armour
 w - a scroll of fog
Potions
 b - 2 potions of curing
 l - 2 potions of might
 o - 4 potions of brilliance
 s - 3 potions of mutation
 v - 2 potions of berserk rage
 z - 3 potions of heal wounds {unknown}
 A - 2 potions of haste {unknown}
 B - 2 potions of attraction {unknown}
 D - a potion of invisibility {unknown}
 F - a potion of resistance {unknown}


   Skills:
 - Level 2.5 Dodging
 - Level 1.9 Stealth
 + Level 6.4 Shields
 + Level 12.6 Spellcasting
 * Level 4.1 Invocations


You had 5 spell levels left.
You knew the following spells:

 Your Spells              Type           Power      Damage    Failure   Level
a - Foxfire               Conj/Fire      100%       2x1d9     1%          1
b - Conjure Flame         Conj/Fire      60%        6-21      1%          3
c - Inner Flame           Hex/Fire       60%        N/A       1%          3
d - Sticky Flame          Conj/Fire      60%        2d8       1%          4
e - Fireball              Conj/Fire      30%        3d13      1%          5
f - Magic Dart            Conj           100%       1d8       1%          1
g - Call Imp              Summ           60%        N/A       1%          2
h - Spider Form           Tmut/Pois      30%        N/A       1%          3
i - Summon Ice Beast      Ice/Summ       60%        N/A       1%          4
j - Agony                 Necr           60%        N/A       1%          5
Your spell library was empty.

Dungeon Overview and Level Annotations

Branches:
Dungeon (15/15)            Temple (0/1) D:4            Lair (0/6) D:8
    Orc (0/2) D:10
 Vaults: D:13-14     Depths: D:15

Altars:
Elyvilon
Fedhas
Gozag
Kikubaaqudgha
Makhleb
Okawaru
Qazlal
Ru
Wu Jian
Xom
The Shining One

Shops:
D:7 [

Annotations:
D:8 2 transporters, elagabalus's ghost, novice DDBe


Innate Abilities, Weirdness & Mutations

You are immune to sickness and miasma.
You are immune to poison.
Your flesh is very heat resistant. (rF++)
You are vulnerable to cold. (rC-)
You float through the air rather than walking.
You learn spells naturally, not from books.
Your magical power is your life essence.
You have superior vitality. (+4 HP)


Message History

The slime creature burns!
The slime creature burns!
A jumping spider comes into view.
The jumping spider hisses angrily.
The slime creature burns!
The slime creature burns!
The jumping spider leaps!
The slime creature hits you!
* * * LOW HITPOINT WARNING * * *
You block the jumping spider's attack. The jumping spider closely misses you.
Casting: Sticky Flame (safe; 1% risk of failure)
Confirm with . or Enter, or press ? or * to list all spells.
Aiming: Sticky Flame (safe; 1% risk of failure)
Press: ? - help, Shift-Dir - straight line, f - jumping spider, p - slime creature
Aim: a jumping spider (haloed, 100% to hit)
The sticky flame hits the jumping spider.
The jumping spider is lightly wounded.
The jumping spider is covered in liquid flames!
* * * LOW HITPOINT WARNING * * *
The jumping spider burns!
The slime creature burns!
The slime creature hits you!
* * * LOW HITPOINT WARNING * * *
You block the jumping spider's attack. The jumping spider barely misses you.
The jumping spider burns!
The slime creature burns!
You block the jumping spider's attack. The jumping spider closely misses you.
You feel better.
The jumping spider burns!
The slime creature burns!
You block the slime creature's attack. The jumping spider pounces on you.
* * * LOW HITPOINT WARNING * * *
The jumping spider closely misses you.
The jumping spider burns!
The jumping spider stops burning.
The slime creature burns!
The jumping spider pounces on you! The Shining One protects you from harm!
You are caught in a web!
The jumping spider bites you but does no damage.
There is a web here.
You struggle to detach yourself from the web.
The slime creature burns!
The slime creature stops burning.
The slime creature hits you!
* * * LOW HITPOINT WARNING * * *
The jumping spider pounces on you!
You die...

#.. #.#
###.# #...#
#.#.#
#...#######
#..........
#...s.###.
#..J@.#
+.....#
##....###..
#..>.......
#..........
#.......##.
#.?.....#
#.......#
#.......#


You could see a slime creature and a jumping spider.

Vanquished Creatures
  2 two-headed ogres (D:10)
  An unseen horror (D:9)
  A kobold demonologist (D:10)
  A troll (D:10)
  Grinder (D:4)
  2 shadows (D:10)
  13 yaks
  A wyvern (D:8)
  3 vampire mosquitoes (D:14)
  4 orc warriors
  3 water moccasins
  2 ice beasts
  4 sky beasts
  3 necrophages (D:5)
  3 ogres
  8 centaurs
  2 phantoms
  A kobold brigand (D:10)
  2 bullfrogs
  A gnoll sergeant (D:8)
  A scorpion (D:5)
  A water moccasin zombie (D:5)
  5 killer bees (D:10)
  2 troll zombies (D:10)
  20 wights
  8 howler monkeys
  2 bullfrog zombies (D:5)
  6 centaur zombies
  2 centaur skeletons
  3 hounds
  A human zombie (D:5)
  2 orc priests
  2 iguanas
  2 jellies
  2 bullfrog skeletons
  7 orc wizards
  5 ogre zombies (D:10)
  A hound skeleton (D:5)
  3 howler monkey zombies (D:9)
  A mummy (D:5)
  4 gnolls (D:8)
  8 adders
  3 howler monkey skeletons
  A white imp (D:7)
  A worm (D:2)
  5 dart slugs
  17 orcs
  6 endoplasms
  2 giant cockroaches
  4 goblins
  6 hobgoblins
  4 jackals (D:1)
  7 quokkas
  6 ball pythons
  A bat (D:1)
  3 frilled lizards
  2 goblin skeletons (D:10)
  3 goblin zombies (D:10)
  2 hobgoblin skeletons (D:10)
  A hobgoblin zombie (D:10)
  10 kobolds
  6 orc skeletons (D:10)
  11 orc zombies (D:10)
  2 rats
249 creatures vanquished.

Vanquished Creatures (collateral kills)
  Erica (D:8)
  A yak (D:8)
2 creatures vanquished.

Vanquished Creatures (others)
  579 foxfires
579 creatures vanquished.

Grand Total: 830 creatures vanquished

Notes
Turn   | Place    | Note
-------+----------+-------------------------------------------
     0 | D:1      | Spaninq the Djinni Fire Elementalist began the quest for
                  | the Orb.
     0 | D:1      | Reached XP level 1. HP: 15/15 MP: 0/0
   293 | D:1      | Reached XP level 2. HP: 20/21 MP: 0/0
   737 | D:1      | Reached XP level 3. HP: 23/25 MP: 0/0
   737 | D:1      | Learned a level 1 spell: Magic Dart
  1026 | D:1      | Reached skill level 3 in Spellcasting
  1586 | D:2      | Found a faded altar of an unknown god.
  1597 | D:2      | Became a worshipper of the Shining One
  1597 | D:2      | Reached * piety under the Shining One
  1722 | D:2      | Found a shimmering altar of Xom.
  1962 | D:2      | Reached XP level 4. HP: 25/31 MP: 0/0
  2652 | D:3      | Reached XP level 5. HP: 31/35 MP: 0/0
  2652 | D:3      | Learned a level 2 spell: Call Imp
  2781 | D:3      | Reached skill level 4 in Spellcasting
  3266 | D:4      | Noticed an ogre
  3271 | D:4      | Killed an ogre
  3272 | D:4      | Reached XP level 6. HP: 37/40 MP: 0/0
  3338 | D:4      | Found a stormy altar of Qazlal.
  3490 | D:4      | Noticed Grinder
  3498 | D:4      | Killed Grinder
  3499 | D:4      | Reached skill level 5 in Spellcasting
  3499 | D:4      | Reached XP level 7. HP: 26/45 MP: 0/0
  3499 | D:4      | Learned a level 3 spell: Spider Form
  3722 | D:4      | Found a staircase to the Ecumenical Temple.
  3927 | D:4      | Found a burning altar of Makhleb.
  3927 | D:4      | Found a shimmering altar of Xom.
  3927 | D:4      | Found a blossoming altar of Fedhas.
  4096 | D:4      | Reached skill level 6 in Spellcasting
  4100 | D:4      | Reached ** piety under the Shining One
  4450 | D:5      | Entered Level 5 of the Dungeon
  4450 | D:5      | Noticed a yak
  4450 | D:5      | Noticed a yak
  4450 | D:5      | Noticed a yak
  4644 | D:5      | Found an opulent altar of Gozag.
  4645 | D:5      | Noticed a water moccasin
  4651 | D:5      | Killed a water moccasin
  4652 | D:5      | Reached XP level 8. HP: 40/50 MP: 0/0
  4666 | D:5      | Reached skill level 7 in Spellcasting
  5146 | D:5      | Reached skill level 8 in Spellcasting
  5184 | D:5      | Reached *** piety under the Shining One
  5275 | D:5      | Reached XP level 9. HP: 33/55 MP: 0/0
  5275 | D:5      | Learned a level 4 spell: Summon Ice Beast
  5854 | D:5      | Reached skill level 9 in Spellcasting
  6305 | D:6      | You are sucked into a shaft and drop 1 floor!
  6456 | D:6      | Reached skill level 10 in Spellcasting
  6657 | D:6      | Reached XP level 10. HP: 56/60 MP: 0/0
  7358 | D:7      | Found Vytag's Armour Shoppe.
  7613 | D:7      | Found an ornate altar of the Wu Jian Council.
  8356 | D:8      | Reached skill level 11 in Spellcasting
  8676 | D:8      | Found a transporter.
  8679 | D:8      | Noticed elagabalus's ghost (novice DDBe)
  8679 | D:8      | Reached **** piety under the Shining One
  8691 | D:8      | Found a transporter.
  9122 | D:8      | Noticed Erica
  9137 | D:8      | Killed Erica
  9725 | D:8      | Found a staircase to the Lair.
  9794 | D:9      | Reached skill level 12 in Spellcasting
  9794 | D:9      | Reached XP level 11. HP: 61/65 MP: 0/0
  9794 | D:9      | Learned a level 5 spell: Agony
 10039 | D:9      | Reached ***** piety under the Shining One
 10041 | D:9      | Reached skill level 1 in Shields
 11117 | D:9      | Found a sacrificial altar of Ru.
 11156 | D:10     | Entered Level 10 of the Dungeon
 11420 | D:10     | Found an iron altar of Okawaru.
 11514 | D:10     | Noticed a two-headed ogre
 11517 | D:10     | Killed a two-headed ogre
 12123 | D:10     | Noticed a two-headed ogre
 12128 | D:10     | Reached skill level 5 in Shields
 12392 | D:10     | Killed a two-headed ogre
 12893 | D:10     | Reached skill level 1 in Invocations
 13000 | D:10     | Reached ****** piety under the Shining One
 13496 | D:10     | Found a staircase to the Orcish Mines.
 13541 | D:10     | Found a white marble altar of Elyvilon.
 14324 | D:11     | You are sucked into a shaft and drop 3 floors!
 14335 | D:14     | You are sucked into a shaft and drop 1 floor!
 14335 | D:15     | Entered Level 15 of the Dungeon
 14350 | D:14     | Reached XP level 12. HP: 54/70 MP: 0/0
 14355 | D:14     | Noticed a boulder beetle
 14413 | D:13     | HP: 3/70 [slime creature (14)]
 14416 | D:13     | The Shining One protects you from harm!
 14417 | D:13     | HP: 1/70 [slime creature (10)]
 14417 | D:13     | Mangled by a jumping spider (shapeshifter)

Illustrated notes

Levels and vault maps discovered:
D:1:      onia_arrival_mini_maze, layout_loops_cross, nrook_loot_triangle
D:2:      layout_loops_cross, basic_altar,
          shapermc_ecumenical_altar_mp_highgroup, small_statue_intersection,
          hangedman_decor_growths, minmay_stone_trees_small, nrook_uturn
D:3:      layout_basic
D:4:      layout_loops_ring, nicolae_qazlal_general_emergency,
          gammafunk_temple_overflow_claw, minmay_temple_entry_arrows,
          hangedman_glass_teeth, kennysheep_flooded_box, uniq_grinder
D:5:      layout_rooms, lemuel_mausoleum_altar_kikubaaqudgha,
          nicolae_gozag_seed_capital, minivault_14, kennysheep_generic_room_11
D:6:      layout_layer_cave
D:7:      layout_cave_pools, mainiacjoe_overflow_catwalk, serial_shops, shop,
          lightli_minifort
D:8:      layout_basic, lair_entry_dummy, gammafunk_ghost_stat_death, uniq_erica
D:9:      layout_rooms, overflow_temple_1_default
D:10:     layout_basic, elyvilon_altar_5, mainiacjoe_overflow_surrounded_room,
          zombieorc2_lemuel
D:11:     layout_grid_maze, minivault_27
D:13:     gammafunk_beogh_shrine, layout_basic, david_vaults_4, zin_scriptorium
D:14:     layout_big_octagon, nicolae_ashenzari_skybound, enter_trove_0,
          enter_bailey_3
D:15:     grunt_enter_depths_magical_seal, layout_irregular_city, serial_shops,
          nicolae_diamond_shop, shop_coins, nicolae_lakefront_shop,
          kennysheep_okawaru_gauntlet, uniq_agnes

Skill      XL: |  1  2  3  4  5  6  7  8  9 10 11 12 |
---------------+-------------------------------------+-----
Spellcasting   | 3 4 5 6 8 10 12 | 12.6
Shields        | 6 |  6.4
Invocations    | 3 4 |  4.1
Dodging        | |  2.5
Stealth        | |  1.9

Action                   |  1- 3 |  4- 6 |  7- 9 | 10-12 || total
-------------------------+-------+-------+-------+-------++-------
Melee: Unarmed           |     3 |       |       |       ||     3
       Quarterstaff      |     2 |    12 |    39 |     9 ||    62
       Scimitar          |       |       |       |     6 ||     6
 Cast: Foxfire           |    66 |    42 |   172 |    45 ||   325
       Sticky Flame      |       |     1 |     7 |    20 ||    28
       Fireball          |       |       |       |   131 ||   131
       Summon Ice Beast  |       |       |       |     6 ||     6
Invok: Cleansing Flame   |       |       |       |     2 ||     2
  Use: Scroll            |       |       |       |    20 ||    20
       Potion            |       |       |       |     1 ||     1
Armor: Robe              |     6 |     2 |    19 |     8 ||    35
Dodge: Dodged            |    16 |    11 |   104 |    45 ||   176
Block: Other             |       |       |       |     4 ||     4
       Reflection        |       |       |       |     5 ||     5
       Buckler           |       |       |       |    12 ||    12
       Rpst.: Scimitar   |       |       |       |     7 ||     7

Table legend: (Time is in decaauts)
 A = Elapsed time spent in this place.
 B = Non-inter-level travel time spent in this place.
 C = Inter-level travel time spent in this place.
 D = Time resting spent in this place.
 E = Time spent auto-exploring this place.
 F = Levels seen in this place.
 G = Mean time per level.
                   A        B        C        D        E       F      G
               +--------+--------+--------+--------+--------+-----+--------+
         Total |  14446 |  13990 |    456 |   3585 |   8367 |  14 | 1031.9 |
       Dungeon |  14446 |  13990 |    456 |   3585 |   8367 |  14 | 1031.9 |
               +--------+--------+--------+--------+--------+-----+--------+

Top non-repeatable levels by time:
     D:8: 2005 daAuts
    D:10: 1970 daAuts
     D:9: 1774 daAuts
     D:5: 1652 daAuts
     D:1: 1372 daAuts
     D:4: 1205 daAuts
     D:6: 1167 daAuts
     D:7: 1021 daAuts
     D:2: 959 daAuts
     D:3: 929 daAuts
    D:11: 293 daAuts
    D:14: 68 daAuts
    D:13: 12 daAuts
    D:15: 11 daAuts
